 Dungeon Crawl Stone Soup version 0.31-a0-221-gbddc013574 (webtiles) character file.

Game seed: 15852201774945437700

359 Maxmaps the Poker (level 6, 0/42 (44) HPs)
             Began as a Demonspawn Reaver on July 4, 2023.
             Slain by Grinder (7 damage)
             ... on level 3 of the Dungeon.
             The game lasted 00:04:12 (2988 turns).

Maxmaps the Poker (Demonspawn Reaver)               Turns: 2988, Time: 00:04:13

HP:   0/42 (44)     AC:  6    Str:  9 (12) XL:     6   Next: 37%
MP:   9/9           EV: 10    Int: 19 (20) God:
Gold: 69            SH:  0    Dex: 11 (12) Spells: 8/9 levels left

rFire   . . .        a - +0 spear
rCold   . . .        (no shield)
rNeg    . . .        d - +0 ring mail
rPois   .            (helmet restricted)
rElec   .            k - +0 cloak
rCorr   .            (no gloves)
SInv    .            (no boots)
Will    +....        (no amulet)
Stlth   +            (no ring)
HPRegen 0.27/turn    (no ring)
MPRegen 0.11/turn

%: no passive effects
@: attractive, enlightened, flying (expiring), lightly drained
A: antennae 1, big brain 2
a: no special abilities


You were on level 3 of the Dungeon.
You visited 1 branch of the dungeon, and saw 3 of its levels.

You collected 134 gold pieces.
You spent 65 gold pieces at shops.

Inventory:

Hand Weapons
 a - a +0 spear (weapon)
Armour
 d - a +0 ring mail (worn)
 k - a +0 cloak (worn)
Scrolls
 b - 2 scrolls of revelation {unknown}
 c - 8 scrolls of identify {unknown}
 e - a scroll of fear {unknown}
 h - 2 scrolls of immolation {unknown}
 j - 4 scrolls of blinking {unknown}
 l - a scroll of vulnerability {unknown}
 p - a scroll of amnesia {unknown}
Potions
 f - a potion of degeneration
 g - a potion of enlightenment
 n - a potion of heal wounds
 o - a potion of attraction


   Skills:
 - Level 2.0 Fighting
 + Level 6.6 Polearms
 - Level 1.7 Dodging
 - Level 2.0 Spellcasting
 - Level 3.0 Conjurations


You had 8 spell levels left.
You knew the following spells:

 Your Spells              Type           Power      Damage    Failure   Level
a - Kiss of Death         Conj/Necr      28%        2d7       26%         1

Your spell library contained the following spells:

 Spells                   Type           Power      Damage    Failure   Level
 Momentum Strike          Conj/Tloc      14%        3d8       36%         2
 Hailstorm                Conj/Ice       7%         3d4       58%         3


Dungeon Overview and Level Annotations

Branches:
Dungeon (3/15)

Altars:

Shops:
D:3 !

Annotations:
D:3 Grinder


Innate Abilities, Weirdness & Mutations

You have a pair of small antennae on your head.
You have an extremely huge brain. (Int +4)


Message History

Grinder is severely wounded.
Reach: a) +0 spear
Press: ? - help, Dir - move target, f/p - Grinder
Aim: Grinder (severely wounded, about 40% to evade your +0 spear)
You hit Grinder but do no damage.
Grinder is severely wounded.
Grinder barely misses you.
Reach: a) +0 spear
Press: ? - help, Dir - move target, f/p - Grinder
Aim: Grinder (severely wounded, about 40% to evade your +0 spear)
You hit Grinder.
Grinder is severely wounded.
Grinder blinks!
Grinder is attracted toward you. Grinder is attracted toward you.
Reach: a) +0 spear
Press: ? - help, Dir - move target, f/p - Grinder
Aim: Grinder (severely wounded, about 40% to evade your +0 spear)
You barely miss Grinder.
Grinder is severely wounded.
Grinder hits you!
You writhe in agony.
* * * LOW HITPOINT WARNING * * *
Reach: a) +0 spear
Press: ? - help, Dir - move target, f/p - Grinder
Aim: Grinder (severely wounded, about 40% to evade your +0 spear)
You closely miss Grinder.
Grinder is severely wounded.
Reach: a) +0 spear
Press: ? - help, Dir - move target, f/p - Grinder
Aim: Grinder (severely wounded, about 40% to evade your +0 spear)
You closely miss Grinder.
Grinder is severely wounded.
Grinder hits you.
* * * LOW HITPOINT WARNING * * *
Reach: a) +0 spear
Press: ? - help, Dir - move target, f/p - Grinder
Aim: Grinder (severely wounded, about 40% to evade your +0 spear)
You hit Grinder.
Grinder is almost dead.
Grinder hits you!
You die...

....###.######
##########. #.#
#......... #.# ####
#.[......# ##.###...
#........#####........
#.....>..)......####..
#........###.....##...
#.....5..###..........
#....@................
#........###.......#..
#........# #....#..#..
#######.## #....##....
#†# #....# #..# #.# .
#.. . #... . ..>.. #


You could see Grinder.

Vanquished Creatures
  Sigmund (D:2)
  Jessica (D:2)
  Ijyb (D:3)
  Terence (D:2)
  Natasha (D:1)
  2 adders
  3 worms
  3 dart slugs
  6 orcs
  5 bats
  3 endoplasms
  A giant cockroach (D:3)
  5 goblins
  4 hobgoblins (D:2)
  3 jackals (D:2)
  7 kobolds
  4 quokkas
  4 ball pythons
  3 frilled lizards
  8 rats
66 creatures vanquished.

Notes
Turn   | Place    | Note
-------+----------+-------------------------------------------
     0 | D:1      | Maxmaps the Demonspawn Reaver began the quest for the Orb.
     0 | D:1      | Reached XP level 1. HP: 16/16 MP: 3/3
    99 | D:1      | Reached skill level 3 in Polearms
   255 | D:1      | Gained mutation: You have an unusually large brain. (Int
                  | +2) [demonic ancestry]
   255 | D:1      | Reached XP level 2. HP: 16/22 MP: 5/5
   784 | D:2      | Gained mutation: You have an extremely huge brain. (Int +4)
                  | [demonic ancestry]
   784 | D:2      | Reached XP level 3. HP: 22/27 MP: 6/6
   870 | D:2      | Noticed Sigmund
   896 | D:2      | Killed Sigmund
   897 | D:2      | Reached skill level 5 in Polearms
   897 | D:2      | Reached XP level 4. HP: 12/33 MP: 5/7
   897 | D:2      | Gained mutation: You have a pair of small antennae on your
                  | head. [demonic ancestry]
   897 | D:2      | Reached XP level 5. HP: 13/38 MP: 5/8
  1266 | D:2      | Noticed Jessica
  1274 | D:2      | Killed Jessica
  1473 | D:2      | Noticed Natasha
  1606 | D:1      | Killed Natasha
  1607 | D:1      | Reached skill level 6 in Polearms
  1761 | D:2      | Reached XP level 6. HP: 44/44 MP: 9/9
  2073 | D:3      | Noticed Terence
  2080 | D:3      | Noticed Ijyb
  2091 | D:2      | Killed Terence
  2192 | D:3      | Killed Ijyb
  2592 | D:3      | Found Ukheow's Distillery.
  2615 | D:3      | Bought a potion of heal wounds for 65 gold pieces
  2722 | D:3      | Found a faded altar of an unknown god.
  2885 | D:3      | Noticed Grinder
  2893 | D:3      | Paralysed by Grinder for 4 turns
  2922 | D:3      | Paralysed by Grinder for 2 turns
  2988 | D:3      | Slain by Grinder

Illustrated notes

Levels and vault maps discovered:
D:1:      wander_arrival_desolate, layout_loops_ring, chequers_jeans,
          minivault_5
D:2:      kennysheep_six_static_rooms, layout_loops_ring, uniq_natasha,
          uniq_sigmund, uniq_jessica
D:3:      layout_rooms, lemuel_zombie_altar_yredelemnul, serial_shops,
          nicolae_shop_gibbet_a_chance, shapermc_ecumenical_altar_totnotflames,
          uniq_ijyb, uniq_terence, uniq_grinder

Skill      XL: |  1  2  3  4  5 |
---------------+----------------+-----
Polearms       | 3 5 6 |  6.6
Fighting       | |  2.0
Dodging        | |  1.7
Spellcasting   | |  2.0
Conjurations   | |  3.0

Action                     |  1- 3 |  4- 6 || total
---------------------------+-------+-------++-------
  Melee: Spear             |    83 |   293 ||   376
         Punch             |     1 |     4 ||     5
   Cast: Kiss of Death     |     1 |     1 ||     2
    Use: Potion            |       |     6 ||     6
 Armour: Ring mail         |    17 |    92 ||   109
         Leather armour    |     1 |       ||     1
  Dodge: Dodged            |    30 |   124 ||   154

Table legend: (Time is in decaauts)
 A = Elapsed time spent in this place.
 B = Non-inter-level travel time spent in this place.
 C = Inter-level travel time spent in this place.
 D = Time resting spent in this place.
 E = Time spent auto-exploring this place.
 F = Levels seen in this place.
 G = Mean time per level.
                   A        B        C        D        E       F      G
               +--------+--------+--------+--------+--------+-----+--------+
         Total |   2908 |   2814 |     94 |    699 |   1531 |   3 |  969.3 |
       Dungeon |   2908 |   2814 |     94 |    699 |   1531 |   3 |  969.3 |
               +--------+--------+--------+--------+--------+-----+--------+

Top non-repeatable levels by time:
     D:2: 1435 daAuts
     D:1: 946 daAuts
     D:3: 526 daAuts
